 Dungeon Crawl Stone Soup version 0.18-a0-550-gc98bfff (webtiles) character file.

7170202 Autopi the Brilliant (level 27, 214/214 HPs)
             Began as a Kobold Artificer on Nov 23, 2015.
             Was a High Priest of Pakellas.
             Escaped with the Orb
             ... and 10 runes on Dec 2, 2015!
             The game lasted 12:25:04 (107992 turns).

Autopi the Brilliant (Kobold Artificer)           Turns: 107992, Time: 12:25:04

Health: 214/214    AC: 28    Str: 26    XL:     27
Magic:  34/40      EV: 49    Int:  9    God:    Pakellas [*****.]
Gold:   8725       SH:  0    Dex: 36    Spells: 2 memorised, 41 levels left

rFire  + + +     SeeInvis +     a - +10 flail "Warehoi" {flame, rF++ rC+ Stlth+}
rCold  + + .     Clarity  .     M - +5 ring mail of Protective Custody {-Cast rF+++ Regen+ SInv}
rNeg   + . .     SustAt   .     (shield restricted)
rPois  +         Gourm    .     p - +2 helmet
rElec  +         Spirit   .     t - +2 cloak {MR+}
rCorr  +         Dismiss  .     Q - +2 pair of gloves {Dex+3}
rMut   .         Stasis   .     u - +0 pair of boots
MR     +++..     NoCast   +     V - amulet of Vitality {Regen+ HP+15}
Stlth  +++.......               A - ring "Rucadawaida" {rPois rN+ SInv}
                                j - ring of the Blue Skies {Wiz *Confuse rElec Str+4 Dex+7}

@: mighty, agile, resistant, very slightly contaminated, hasted, very quick,
extremely resistant to hostile enchantments, fairly stealthy
A: blink, blurry vision 1, carnivore 3, clumsy 1
a: Blink, Quick Charge, Device Surge, Renounce Religion
0: Orb of Zot
}: 10/15 runes: barnacled, slimy, silver, abyssal, demonic, glowing, magical,
fiery, dark, gossamer


You escaped.
You worshipped Pakellas.
Pakellas was extremely pleased with you.
You were full.

You visited 14 branches of the dungeon, and saw 71 of its levels.
You visited Pandemonium 2 times, and saw 22 of its levels.
You visited the Abyss 3 times.
You also visited: Ice Cave.

You collected 13331 gold pieces.
You spent 3810 gold pieces at shops.

Inventory:

Hand Weapons
 a - the +10 flail "Warehoi" (weapon) {flame, rF++ rC+ Stlth+}
   (You found it on level 1 of the Shoals)

   It has been specially enchanted to burn those struck by it, causing extra
   injury to most foes and up to half again as much damage against particularly
   susceptible opponents.
   It greatly protects you from fire.
   It protects you from cold.
   It makes you more stealthy.
 b - the +4 Staff of Dispater
   (You took it off Dispater on level 7 of the Iron City of Dis)
 m - the +6 Sword of Cerebov {flame}
   (You took it off Cerebov in Pandemonium)

   It has been specially enchanted to burn those struck by it, causing extra
   injury to most foes and up to half again as much damage against particularly
   susceptible opponents.
   Big, fiery blades are also staple armaments of hydra-hunters.
 P - a +9 demon whip of electrocution
Missiles
 y - 9 throwing nets (quivered)
Armour
 p - a +2 helmet (worn)
 t - a +2 cloak of magic resistance (worn)
 u - a +0 pair of boots (worn)
 z - a +6 ice dragon armour
 G - the +9 plate armour of Ashenzari's Vengeance {-Cast rPois rCorr Str+6}
   (You acquired it in Pandemonium)

   It affects your strength (+6).
   It protects you from poison.
   It prevents spellcasting.
   It protects you from acid and corrosion.
 M - the +5 ring mail of Protective Custody (worn) {-Cast rF+++ Regen+ SInv}
   (You found it on level 5 of the Vaults)

   It renders you almost immune to fire.
   It lets you see invisible.
   It prevents spellcasting.
   It increases your rate of regeneration.
 Q - a +2 pair of gloves of dexterity (worn)
Rods
 n - a +9 lightning rod (17/17)
   (You found it on level 8 of the Lair of Beasts)
 C - a +9 rod of inaccuracy (16/16)
   (You bought it in a shop on level 4 of the Depths)
 J - a +4 rod of clouds (15/15)
   (Pakellas gifted it to you on level 4 of the Vaults)
 Z - a +10 iron rod (18/18)
   (Pakellas gifted it to you on level 8 of the Lair of Beasts)
Jewellery
 i - an uncursed ring of protection from fire
 j - the ring of the Blue Skies (left hand) {Wiz *Confuse rElec Str+4 Dex+7}
   (You found it on level 5 of the Dungeon)

   [ring of wizardry]

   It improves your spell success rate.
   It affects your strength (+4).
   It affects your dexterity (+7).
   It insulates you from electricity.
   It may confuse you when you take damage.
 A - the ring "Rucadawaida" (right hand) {rPois rN+ SInv}
   (You bought it in a shop on level 4 of the Depths)

   [ring of see invisible]

   It protects you from poison.
   It protects you from negative energy.
   It lets you see invisible.
 F - a +4 ring of evasion
 V - the amulet of Vitality (around neck) {Regen+ HP+15}
   (You took it off a deep elf sorcerer on level 3 of the Elven Halls)

   [amulet of regeneration]

   It affects your health (+15).
   It increases your rate of regeneration.
 X - the amulet "Nazxoesm" {+Rage rN++ Int+3 Dex-4}
   (You took it off a yaktaur captain on level 5 of the Vaults)

   [amulet of rage]

   It affects your intelligence (+3).
   It affects your dexterity (-4).
   It greatly protects you from negative energy.
   It lets you go berserk.
 Y - the ring "Fezuedakh" {MR+ Stlth+}
   (You took it off a deep elf priest on level 1 of the Elven Halls)

   [ring of protection from magic]

   It affects your resistance to hostile enchantments.
   It makes you more stealthy.
Wands
 l - a wand of teleportation (4)
 v - a wand of digging (17)
 K - a wand of hasting (7)
 L - a wand of heal wounds (5)
Scrolls
 q - 9 scrolls of fog
 r - 4 scrolls of blinking
 s - 13 scrolls of immolation
 w - 19 scrolls of remove curse
 x - 13 scrolls of fear
 I - a scroll of holy word
 O - 19 scrolls of identify
 W - 5 scrolls of magic mapping
Potions
 c - 7 potions of might
 e - 2 potions of resistance
 g - 4 potions of agility
 o - 12 potions of curing
 N - 5 potions of haste
 R - 11 potions of heal wounds
 T - 7 potions of ambrosia
Miscellaneous
 d - a sack of spiders
 h - a stone of tremors
 k - 4 phantom mirrors
 B - the horn of Geryon
 D - a disc of storms
 E - a box of beasts {used: 7}
 H - a fan of gales
 S - a lamp of fire
 U - a phial of floods
Comestibles
 f - 24 meat rations


   Skills:
 O Level 27 Fighting
   Level 1.3 Short Blades
 O Level 27 Maces & Flails
 - Level 11.4 Throwing
 + Level 21.7 Armour
 O Level 27 Dodging
 - Level 14.4 Stealth
   Level 8.4 Shields
 - Level 2.2 Unarmed Combat
 - Level 11.8 Spellcasting
 - Level 11.7 Charms
 - Level 13.6 Air Magic
 O Level 27 Evocations


You had 41 spell levels left.
You knew the following spells:

 Your Spells              Type           Power        Failure   Level  Hunger
a - Repel Missiles        Chrm/Air       ####..       1%          2    None
b - Deflect Missiles      Chrm/Air       ####......   6%          6    #######


Dungeon Overview and Level Annotations

Branches:
Dungeon (15/15)            Temple (1/1) D:4            Lair (8/8) D:8
 Shoals (4/4) Lair:4       Spider (4/4) Lair:4        Slime (6/6) Lair:6
    Orc (4/4) D:12            Elf (3/3) Orc:4        Vaults (5/5) D:14
  Crypt (3/3) Vaults:2       Tomb (0/3) Crypt:3      Depths (5/5) D:15
   Hell (1/1)                 Dis (7/7) Hell            Geh (0/7) Hell
    Coc (0/7) Hell            Tar (0/7) Hell            Zot (5/5) Depths:5

Altars:
Ashenzari
Cheibriados
Dithmenos
Elyvilon
Fedhas
Gozag
Kikubaaqudgha
Makhleb
Nemelex Xobeh
Okawaru
Pakellas
Qazlal
Ru
Sif Muna
Trog
Vehumet
Xom
Yredelemnul
Zin
The Shining One
Beogh
Jiyva

Shops:
D:5 [   D:7 !   D:11 [(%:(   Orc:4 *([*:%   Elf:1 (   Elf:3 =   Shoals:2 (
Vaults:3 !   Depths:3 !   Depths:4 *}=%

Portals:
Hell: Depths:1 Depths:2 Depths:3 Depths:4 Depths:5
Abyss: Depths:3 Depths:4 Depths:5
Pandemonium: Depths:2 Depths:3
Ziggurat: Depths:2

Annotations:
Lair:5 exclusion: oklob plant


Innate Abilities, Weirdness & Mutations

You are small and have problems with some larger weapons.
You are carnivorous and can eat meat at any time.
You can translocate small distances at will.
Scrolls take you a little longer to read.
You are clumsy. (Dex -2)


Message History

There is a shaft here.
HP restored.
There is a stone staircase leading up here.
You climb upwards.
There is a stone staircase leading down here.
You see here a short sword.
There is a stone staircase leading up here.
You climb upwards.
There is a stone staircase leading down here.
There is a staircase leading out of the dungeon here.
Drink which item? (? for menu, Esc to quit)
You feel very mighty all of a sudden.
Drink which item? (? for menu, Esc to quit)
You feel agile all of a sudden.
Drink which item? (? for menu, Esc to quit)
You feel protected.
Drink which item? (? for menu, Esc to quit)
You feel yourself speed up.
You are very lightly contaminated with residual magic.
You have escaped!

####### ###≈≈≈≈≈≈≈≈≈≈##
#.....#### #...≈≈≈≈≈≈≈≈##
#.....##.# #........≈≈≈≈#
###........# #.........≈≈≈#
........##.# #.........#≈≈≈#
###..)..#### #.........##≈≈# #
###.### #.........# #≈# # ###.#
#.........# ## # #...#
#@.......># # #.#.# ###########
###.#.# ### ### ......# ##'##
#.# ###.### ##...## ##.# #.####
##.....## ##..# #.##.##
##.......## ##..##
#.#...####.........####...#####
#........'.........'...........


There were no monsters in sight!

Vanquished Creatures
  the Royal Jelly (Slime:6)
  Gloorx Vloq (Pan)
  Mnoleg (Pan)
  Lom Lobon (Pan)
  6 pandemonium lords (Pan)
  5 orbs of fire
  5 ancient liches
  2 juggernauts (Depths:4)
  Sojobo (Depths:3)
  11 iron giants
  Margery (Vaults:5)
  A curse toe (Zot:4)
  2 caustic shrikes
  Geryon (Hell)
  4 Killer Klowns
  9 golden dragons
  8 bone dragons
  3 electric golems
  A shard shrike zombie (Crypt:2)
  14 Brimstone Fiends
  Rupert (Lair:8)
  8 liches
  7 Ice Fiends
  23 Orb Guardians
  19 Hell Sentinels
  20 tentacled monstrosities
  8 Shadow Fiends (Pan)
  3 deep elf blademasters
  26 acid blobs
  8 titans
  12 sphinxes
  10 tentacled starspawn
  2 deep elf master archers (Elf:3)
  3 eldritch tentacles
  A kraken (Shoals:4)
  3 quicksilver dragons
  3 death cobs
  5 ancient champions
  7 shadow dragons
  Agnes (Spider:3)
  65 large abominations
  Frances (Shoals:2)
  22 Executioners
  14 storm dragons
  8 fire giants
  10 draconian monks
  Ilsuiw (Shoals:4)
  10 tengu reavers
  A greater naga (Vaults:1)
  3 revenants
  5 chaos champions (Pan)
  9 deep elf sorcerers
  14 vault wardens
  Donald (Vaults:1)
  A daeva (Abyss:4)
  7 draconian knights
  11 azure jellies
  Maud (Lair:7)
  2 black suns (Pan)
  13 iron dragons
  A caustic shrike zombie (D:15)
  An orc warlord (Orc:4)
  24 balrugs
  Louise (Elf:3)
  7 emperor scorpions
  21 frost giants
  4 ghost moths
  5 curse skulls
  40 cacodemons
  6 draconian scorchers
  13 ironheart preservers
  2 warmongers (Pan)
  2 spriggan defenders (Depths:4)
  2 draconian zealots
  5 ghouls
  An angel (Pan)
  7 draconian shifters
  7 draconian annihilators
  38 reapers
  20 very ugly things
  32 stone giants
  A stone giant (shapeshifter) (Depths:3)
  2 draconian callers
  3 salamander stormcallers
  11 lorocyprocas
  23 war gargoyles
  21 spark wasps
  12 white draconians
  11 deep elf demonologists
  11 green draconians
  13 black draconians
  A blood saint (Pan)
  12 mottled draconians
  3 vampire knights
  6 yellow draconians
  7 corrupters (Pan)
  12 red draconians
  10 deep elf annihilators
  12 purple draconians
  12 deep elf death magi
  2 eidola
  16 ettins
  2 dire elephants (Depths:2)
  4 merfolk javelineers
  2 death oozes (Slime:6)
  2 crystal guardians
  2 quicksilver dragon zombies (Dis:7)
  13 jiangshi
  38 vault guards
  Erolcha (D:12)
  26 yaktaur captains
  12 green deaths
  12 fire dragons
  21 blizzard demons
  6 merfolk impalers
  17 great orbs of eyes
  A spriggan air mage (Depths:4)
  8 deep elf high priests
  9 entropy weavers
  Harold (Lair:1)
  A quicksilver dragon skeleton (Pan)
  4 hell beasts (Pan)
  2 catoblepae
  17 ice dragons
  7 hydras
  7 merfolk avatars
  6 rakshasas
  7 monstrous demonspawn (Pan)
  A death knight (Crypt:1)
  15 ogre magi
  3 merfolk aquamancers
  Erica (D:11)
  2 alligator snapping turtles (Shoals:4)
  8 centaur warriors
  9 dancing weapons
  A satyr (Shoals:4)
  12 hell knights
  9 tengu warriors
  10 deep troll earth magi
  22 small abominations
  5 vampire magi
  5 titan zombies
  8 deep troll shamans
  5 thrashing horrors
  Urug (D:15)
  5 orc high priests (Orc:4)
  5 spriggan berserkers
  2 storm dragon zombies
  34 soul eaters
  30 deep elf knights
  7 iron golems
  6 hell hogs
  2 fire crabs (Vaults:1)
  6 wretched stars
  5 shadow wraiths
  69 sun demons
  2 salamander mystics
  A titan skeleton (Hell)
  A spark wasp zombie (D:15)
  A death drake (Depths:5)
  3 anaconda zombies
  2 storm dragon skeletons
  10 unseen horrors
  6 gelid demonspawn (Pan)
  2 kraken simulacra
  7 ball lightnings (Pan)
  97 skeletal warriors
  24 deep trolls
  A lindwurm (shapeshifter) (Depths:3)
  11 iron trolls
  6 flayed ghosts
  10 deep elf summoners
  5 infernal demonspawn (Pan)
  5 sea snakes (Shoals:4)
  3 golden dragon zombies
  8 shadow demons
  11 phantasmal warriors
  11 giant orange brains
  An unseen horror (shapeshifter) (Elf:2)
  A swamp dragon (shapeshifter) (Depths:3)
  A tengu zombie (D:15)
  3 hill giants (Vaults:1)
  A swamp dragon (Vaults:1)
  2 shadow dragon zombies
  4 putrid demonspawn (Pan)
  16 harpies
  14 ironbrand convokers
  2 torturous demonspawn (Pan)
  2 wolf spider zombies
  4 anaconda skeletons
  3 golden dragon skeletons
  18 orc knights
  15 orb spiders
  An iron dragon zombie (Dis:7)
  10 wizards
  3 fire giant zombies
  12 shining eyes
  An oklob plant (Orc:1)
  A hornet (shapeshifter) (Vaults:3)
  2 stone giant zombies
  12 necromancers
  3 shadow dragon skeletons
  15 deep elf conjurers
  8 orc sorcerers
  A cyclops (shapeshifter) (Depths:2)
  12 manticores
  14 griffons
  6 hornets
  2 worldbinders
  5 lindwurms
  A frost giant zombie (Dis:6)
  38 ugly things
  20 moths of wrath
  2 fauns
  6 water nymphs
  10 cyclopes
  A drowned soul (Abyss:1)
  2 iron dragon skeletons (Hell)
  6 salamanders
  6 sirens
  2 frost giant skeletons (Pan)
  36 wolf spiders
  54 rust devils
  5 stone giant skeletons
  10 fire giant skeletons
  8 elephants
  10 spiny frogs
  A black mamba (shapeshifter) (Vaults:4)
  25 sixfirhies
  3 dire elephant zombies
  An ice statue (IceCv)
  46 smoke demons
  6 black mambas
  6 gargoyles
  A torpor snail (Spider:1)
  3 eyes of devastation
  2 shock serpent skeletons
  3 shock serpent zombies
  18 vault sentinels
  51 orange demons
  48 yaktaurs
  3 centaur skeletons
  2 apocalypse crabs
  A purple draconian zombie (Crypt:1)
  A spiny frog (shapeshifter) (Depths:3)
  A death yak zombie (Crypt:1)
  A dire elephant skeleton (Pan)
  An iron troll zombie (Crypt:1)
  A sea snake zombie (Crypt:2)
  14 efreet
  2 kobold demonologists (Vaults:1)
  20 freezing wraiths
  3 guardian mummies
  12 komodo dragons
  A queen bee (shapeshifter) (Elf:2)
  3 tengu conjurers
  8 ancient zymes
  4 trolls (shapeshifter)
  19 ice devils
  12 hellions
  4 anaconda simulacra
  33 demonic crawlers
  4 fire drakes
  30 hellwings (Pan)
  33 tormentors
  43 red devils
  A wind drake (shapeshifter) (Vaults:2)
  28 jumping spiders
  5 trolls
  32 merfolk
  7 hydra zombies
  11 deep elf priests
  2 harpy zombies
  3 wind drakes
  4 two-headed ogres (shapeshifter)
  9 polar bears
  2 queen bees
  26 blink frogs
  An ice dragon zombie (Dis:2)
  An ushabti (Crypt:3)
  A slime creature (shapeshifter) (Depths:4)
  2 alligator zombies (Hell)
  9 boulder beetles
  3 ettin zombies
  A blink frog (shapeshifter) (Vaults:2)
  12 raiju
  6 snapping turtles
  2 bog bodies (Crypt:2)
  19 two-headed ogres
  4 fire dragon zombies
  An iron dragon simulacrum (Abyss:4)
  18 wraiths
  41 deep elf magi
  22 trapdoor spiders
  A shock serpent simulacrum (Crypt:1)
  A redback (shapeshifter) (Abyss:3)
  39 yaks
  17 flying skulls
  143 slime creatures
  30 tarantellas
  3 vampires
  9 fire dragon skeletons (Crypt:3)
  7 shadows
  3 black mamba zombies
  3 dire elephant simulacra (IceCv)
  4 spriggans (shapeshifter)
  4 air elementals
  2 tarantellas (shapeshifter)
  49 redbacks
  17 water elementals
  33 ynoxinuls
  A golden eye (shapeshifter) (Depths:3)
  2 fire elementals (Hell)
  An ice dragon skeleton (Pan)
  10 basilisks
  A human (shapeshifter) (Vaults:3)
  2 wyverns
  34 deep elf fighters
  2 steam dragons
  5 hippogriffs
  7 golden eyes
  7 hungry ghosts
  A hog (D:7)
  19 humans
  A fire bat (Abyss:1)
  40 neqoxecs
  A human simulacrum (Vaults:1)
  29 chaos spawn
  Menkaure (D:5)
  A glowing shapeshifter zombie (Crypt:1)
  22 vampire mosquitoes
  An iron troll simulacrum (IceCv)
  11 wargs
  3 mottled dragons
  10 water moccasins
  A monstrous demonspawn zombie (Dis:7)
  A soldier ant (D:12)
  24 wolves
  A soldier ant (shapeshifter) (Vaults:1)
  An orb spider zombie (Crypt:2)
  2 merfolk zombies
  4 harpy simulacra (IceCv)
  4 hydra simulacra
  4 ice beasts
  19 black bears
  41 hell hounds
  3 spiny frog zombies
  8 swamp drakes
  10 porcupines
  4 phantoms
  An ettin simulacrum (IceCv)
  A faun skeleton (Crypt:1)
  A swamp dragon zombie (Dis:7)
  58 orc warriors
  A wasp (Spider:3)
  12 eyes of draining
  An ice dragon simulacrum (Depths:1)
  5 snapping turtle zombies
  An alligator simulacrum (IceCv)
  50 ogres
  5 starcursed masses (Abyss:3)
  A fire dragon simulacrum (Depths:1)
  4 sky beasts
  2 spiny frog skeletons
  4 necrophages
  A manticore skeleton (Crypt:3)
  An anubis guard skeleton (Crypt:1)
  25 centaurs
  A boggart (Depths:4)
  6 big kobolds
  24 giant frogs
  A glowing shapeshifter simulacrum (Vaults:3)
  A tengu simulacrum (Depths:1)
  30 crocodiles
  A wyvern zombie (D:13)
  A gnoll sergeant (D:10)
  6 scorpions
  A hippogriff zombie (Crypt:2)
  An elephant simulacrum (IceCv)
  41 killer bees
  8 electric eels
  15 wights
  13 crimson imps
  A wasp zombie (D:12)
  2 giant frog zombies
  35 orc priests
  3 centaur zombies
  16 hounds
  17 iguanas
  42 jellies
  4 quasits
  Crazy Yiuf (D:5)
  2 draconian simulacra (IceCv)
  3 giant frog skeletons
  40 iron imps
  A two-headed ogre zombie (Crypt:2)
  51 orc wizards
  A human skeleton (Crypt:3)
  5 worker ants
  A spriggan simulacrum (IceCv)
  A killer bee zombie (D:8)
  A naga zombie (Dis:2)
  24 sheep
  3 troll simulacra (IceCv)
  A wolf simulacrum (IceCv)
  2 centaur simulacra (IceCv)
  A demigod zombie (Crypt:2)
  An ogre zombie (Hell)
  A dwarf skeleton (Crypt:1)
  10 mummies
  2 ogre simulacra (IceCv)
  2 worker ant zombies (D:6)
  2 naga simulacra (IceCv)
  66 river rats
  17 adders
  4 gnolls
  10 shadow imps
  10 white imps
  2 giant eyeballs (Depths:3)
  A giant eyeball (shapeshifter) (Depths:3)
  14 ufetubi
  13 oozes
  An adder zombie (D:9)
  5 worms
  6 giant geckos
  230 orcs
  6 giant cockroaches
  7 hobgoblins
  A ball python (D:4)
  6 bats
  A giant gecko skeleton (D:7)
  A giant gecko zombie (D:6)
  A giant newt (D:5)
  8 goblins
  A goblin zombie (D:8)
  4 hobgoblin zombies (D:8)
  13 jackals
  23 kobolds
  A kobold simulacrum (Crypt:2)
  2 kobold skeletons (D:8)
  An orc skeleton (D:8)
  2 orc zombies
  5 quokkas
  7 rats
  A bush (Depths:5)
  2 butterflies (Lair:6)
  6 crawling corpses
  3 lost souls (Crypt:3)
  A lurking horror (Abyss:3)
  5 plants
  15 starspawn tentacles
  A starspawn tentacle segment (Abyss:3)
  A tentacle (Hell)
  3 tentacle segments
4596 creatures vanquished.

Vanquished Creatures (collateral kills)
  Cerebov (Pan)
  Dispater (Dis:7)
  An ancient lich (Crypt:3)
  Mennas (Depths:4)
  A juggernaut (Depths:4)
  Jory (Crypt:3)
  2 golden dragons
  A lich (Vaults:1)
  An acid blob (Slime:6)
  An ancient champion (Depths:3)
  A storm dragon (Zot:1)
  3 sphinxes
  2 tengu reavers (Depths:3)
  3 frost giants
  A cacodemon (Pan)
  2 vault wardens (Vaults:5)
  2 ironheart preservers
  A salamander stormcaller (Vaults:3)
  2 black draconians
  A red draconian (Zot:1)
  A spark wasp (Depths:4)
  A fire dragon (Vaults:2)
  A death ooze (Slime:6)
  5 vault guards
  A deep elf death mage (Vaults:3)
  A deep elf high priest (Vaults:5)
  3 merfolk impalers (Shoals:4)
  4 entropy weavers
  A yaktaur captain (Vaults:5)
  A hell beast (Pan)
  A merfolk avatar (Shoals:4)
  A spriggan air mage (Depths:4)
  2 merfolk aquamancers (Shoals:4)
  A tengu warrior (Depths:4)
  A deep elf knight (Elf:3)
  2 hell knights (Vaults:5)
  An iron troll (Dis:7)
  A wizard (Depths:3)
  A putrid demonspawn (Pan)
  2 orc knights (Orc:4)
  A harpy (shapeshifter) (Vaults:1)
  2 deep elf conjurers
  A wolf spider (Vaults:1)
  A harpy (Shoals:4)
  A cyclops (Vaults:1)
  2 ironbrand convokers (Vaults:1)
  2 sixfirhies (Pan)
  A frost giant skeleton (Crypt:3)
  A smoke demon (Pan)
  2 orange demons (Pan)
  2 vault sentinels
  2 efreet (Pan)
  A yaktaur (Vaults:3)
  A hellwing (Pan)
  A guardian mummy (Crypt:3)
  5 merfolk
  An ice devil (Dis:7)
  A wind drake (Shoals:4)
  2 two-headed ogres (Vaults:1)
  2 boulder beetles
  A snapping turtle (Shoals:4)
  7 yaks
  A deep elf fighter (Vaults:3)
  A human (D:14)
  2 wargs
  A wolf (Lair:8)
  3 hell hounds (Dis:7)
  An ogre (Vaults:1)
  3 mummies (Crypt:3)
  2 orcs (Orc:4)
  2 fire vortices (Pan)
  A plant (Lair:8)
  A tentacle (Shoals:4)
119 creatures vanquished.

Vanquished Creatures (others)
  A pandemonium lord (Pan)
  3 eldritch tentacles
  A sphinx (Vaults:5)
  A fire giant (Depths:4)
  A draconian scorcher (Zot:3)
  A blood saint (Pan)
  A green death (Pan)
  A rakshasa (Pan)
  A merfolk aquamancer (Shoals:4)
  A fire crab (Vaults:1)
  A ball lightning (Pan)
  A giant orange brain (Pan)
  A deep elf conjurer (Vaults:4)
  An orb spider (Spider:4)
  A wizard (Pan)
  A moth of wrath (Zot:5)
  2 orange demons (Pan)
  A yaktaur (Depths:1)
  2 yaks
  A redback (Spider:4)
  A ynoxinul (Pan)
  A fire elemental (Depths:1)
  A deep elf fighter (Elf:2)
  A crocodile (D:8)
  A porcupine (Lair:7)
  A centaur (D:10)
  A small abomination (Depths:4)
  A hound (Lair:8)
  A worker ant (D:5)
  An ufetubus (IceCv)
  An orc (D:5)
  A goblin zombie (D:8)
  A bush (D:8)
  305 eldritch tentacle segments
  A fire vortex (Pan)
  20 fungi
  5 lost souls
  3 lurking horrors
  52 plants
  17 starspawn tentacles
  109 starspawn tentacle segments
  16 tentacles
  259 tentacle segments
824 creatures vanquished.

Grand Total: 5539 creatures vanquished

Notes
Turn   | Place    | Note
--------------------------------------------------------------
     0 | D:1      | Autopi the Kobold Artificer began the quest for the Orb.
     0 | D:1      | Reached XP level 1. HP: 12/12 MP: 3/3
   545 | D:1      | Reached skill level 4 in Evocations
   545 | D:1      | Reached XP level 2. HP: 13/16 MP: 5/5
  1404 | D:1      | Reached XP level 3. HP: 20/22 MP: 6/6
  2053 | D:2      | Found an iron altar of Okawaru.
  2077 | D:2      | Reached XP level 4. HP: 23/27 MP: 7/7
  2273 | D:2      | Found a radiant altar of Vehumet.
  2278 | D:2      | Found an opulent altar of Gozag.
  2280 | D:2      | Found a snail-covered altar of Cheibriados.
  2454 | D:2      | Reached skill level 5 in Evocations
  2998 | D:3      | Reached XP level 5. HP: 30/32 MP: 8/8
  3040 | D:3      | Found a sacrificial altar of Ru.
  3081 | D:3      | Found a burning altar of Makhleb.
  3732 | D:3      | Reached XP level 6. HP: 28/38 MP: 10/10
  3946 | D:4      | Found a blossoming altar of Fedhas.
  4006 | D:4      | Noticed a sky beast
  4126 | D:4      | Found a shadowy altar of Dithmenos.
  4310 | D:4      | Found a shimmering altar of Xom.
  4461 | D:4      | Reached skill level 6 in Evocations
  4480 | D:5      | Entered Level 5 of the Dungeon
  4670 | D:5      | Reached skill level 5 in Fighting
  4896 | D:5      | Found a shimmering altar of Xom.
  4951 | D:5      | Got a wavering wooden ring
  4953 | D:5      | Identified the ring of the Blue Skies {Wiz *Confuse rElec Str+4 Dex+7} (You found it on level 5 of the Dungeon)
  5015 | D:5      | Noticed Crazy Yiuf
  5067 | D:5      | Killed Crazy Yiuf
  5067 | D:5      | Reached XP level 7. HP: 31/44 MP: 11/11
  5167 | D:5      | Noticed Menkaure
  5173 | D:5      | Gained mutation: You can breathe flames. [potion of mutation]
  5173 | D:5      | Gained mutation: You have large cloven feet. [potion of mutation]
  5173 | D:5      | Gained mutation: Your flesh is heat resistant. [potion of mutation]
  5179 | D:5      | Killed Menkaure
  5179 | D:5      | Reached skill level 1 in Maces & Flails
  5515 | D:5      | Found Xuopluro's Antique Armour Shoppe.
  5813 | D:5      | Bought a pair of boots for 108 gold pieces
  6120 | D:5      | Reached XP level 8. HP: 49/49 MP: 12/12
  6135 | D:5      | Reached skill level 5 in Dodging
  6355 | D:4      | Found a staircase to the Ecumenical Temple.
  6365 | Temple   | Entered the Ecumenical Temple
  6590 | D:4      | Reached skill level 5 in Maces & Flails
  7160 | D:6      | Found an oddly glowing altar of Pakellas.
  7168 | D:6      | Became a worshipper of Pakellas the Inventive
  7295 | D:5      | Found a shattered altar of Ashenzari.
  7848 | D:6      | Reached skill level 7 in Evocations
  7848 | D:6      | Reached XP level 9. HP: 54/54 MP: 14/14
  8220 | D:7      | Found Liothill's Distillery.
  8230 | D:7      | Bought a potion of berserk rage for 55 gold pieces
  8283 | D:7      | Found a deep blue altar of Sif Muna.
  8354 | D:7      | Reached * piety under Pakellas
  8437 | D:7      | Reached skill level 8 in Evocations
  8832 | D:7      | Reached XP level 10. HP: 61/61 MP: 16/16
  9046 | D:8      | Found a white marble altar of Elyvilon.
  9174 | D:8      | Reached skill level 1 in Armour
  9288 | D:8      | Reached skill level 9 in Evocations
 10119 | D:8      | Reached skill level 5 in Armour
 10361 | D:8      | Reached skill level 10 in Evocations
 10490 | D:8      | Found a glowing golden altar of the Shining One.
 10521 | D:8      | Reached XP level 11. HP: 60/66 MP: 18/18
 10590 | D:8      | Found a staircase to the Lair.
 10620 | D:8      | Reached ** piety under Pakellas
 10806 | D:8      | Found an ancient bone altar of Kikubaaqudgha.
 10832 | D:8      | Noticed a cyclops
 10860 | Lair:1   | Entered Level 1 of the Lair of Beasts
 10924 | Lair:1   | Noticed Harold
 10956 | Lair:1   | Killed Harold
 12716 | Lair:2   | Noticed an eight-headed hydra
 12989 | Lair:3   | Reached skill level 10 in Maces & Flails
 13116 | Lair:3   | Reached skill level 11 in Evocations
 13166 | Lair:3   | Reached *** piety under Pakellas
 13495 | Lair:3   | Reached XP level 12. HP: 24/73 MP: 20/20
 14364 | Lair:4   | Reached skill level 12 in Evocations
 14500 | Lair:4   | Found a hole to the Spider Nest.
 14559 | Lair:4   | Found a staircase to the Shoals.
 15276 | Lair:5   | Reached **** piety under Pakellas
 15670 | Lair:5   | Reached skill level 10 in Dodging
 15880 | Lair:5   | Reached skill level 13 in Evocations
 15880 | Lair:5   | Reached XP level 13. HP: 35/80 MP: 22/22
 16160 | Lair:5   | Reached ***** piety under Pakellas
 16557 | Lair:6   | Found a runed door.
 16557 | Lair:6   | Found a viscous altar of Jiyva.
 16558 | Lair:6   | Found a staircase to the Slime Pits.
 16875 | Lair:6   | Found a shadowy altar of Dithmenos.
 17205 | Lair:6   | Got an ichor-stained rapier
 17206 | Lair:6   | Identified the +7 rapier of the Enchanted Forest {antimagic, Int+2 Dex+4} (You found it on level 6 of the Lair of Beasts)
 17521 | Lair:7   | Noticed Maud
 17544 | Lair:6   | Reached skill level 10 in Fighting
 17675 | Lair:7   | Reached skill level 14 in Evocations
 18830 | Lair:8   | Entered Level 8 of the Lair of Beasts
 18959 | Lair:8   | Received a gift from Pakellas
 19044 | Lair:8   | Noticed Rupert
 19084 | Lair:8   | Killed Rupert
 19306 | Lair:8   | Reached XP level 14. HP: 38/88 MP: 25/25
 19491 | Lair:7   | Reached skill level 15 in Evocations
 19630 | Lair:7   | Killed Maud
 20196 | Lair:8   | Got a shimmering chain mail
 20221 | Lair:8   | Identified the +1 chain mail of Repulsion {rPois rC+ rN+ Stlth+} (You found it on level 8 of the Lair of Beasts)
 20351 | Lair:8   | Upgraded the game from 0.18-a0-195-ga67100c to 0.18-a0-199-ga375f0c
 20352 | Lair:8   | Upgraded the game from 0.18-a0-199-ga375f0c to 0.18-a0-271-ga7ff5cb
 20670 | Lair:8   | Reached skill level 1 in Throwing
 20821 | Lair:8   | Reached skill level 16 in Evocations
 21405 | Lair:8   | Got an ancient golden amulet
 21406 | Lair:8   | Identified the amulet of Kekhluk {rMut rN+ Str+3} (You found it on level 8 of the Lair of Beasts)
 22582 | D:10     | Entered Level 10 of the Dungeon
 22685 | D:10     | Received a gift from Pakellas
 22688 | D:10     | Reached XP level 15. HP: 89/95 MP: 27/27
 23507 | D:11     | Found Qezi's Weapon Shop.
 23508 | D:11     | Noticed Erica
 23511 | D:11     | Killed Erica
 23562 | D:11     | Bought the +0 morningstar "Zogref" {venom, rC+ Int+3} for 276 gold pieces
 23628 | D:11     | Found Huvul's Book Boutique.
 23702 | D:11     | Found Coutant's Antique Weapon Shoppe.
 23718 | D:11     | Found Omoaf's Antique Armour Emporium.
 23970 | D:11     | Found Vyof's Food Emporium.
 23988 | D:11     | Reached ****** piety under Pakellas
 24404 | D:12     | Noticed Erolcha
 24409 | D:12     | Killed Erolcha
 24409 | D:12     | Reached skill level 17 in Evocations
 24419 | D:12     | Noticed a sphinx
 24460 | D:11     | Reached skill level 5 in Throwing
 24669 | D:12     | Paralysed by a sphinx for 5 turns
 24675 | D:12     | Killed a sphinx
 24790 | D:12     | Found a staircase to the Orcish Mines.
 25261 | Orc:1    | Entered Level 1 of the Orcish Mines
 25363 | Orc:1    | Received a gift from Pakellas
 26075 | D:6      | Identified a +10 iron rod (18/18) (supercharged by Pakellas)
 27197 | Orc:3    | Found a roughly hewn altar of Beogh.
 27531 | Orc:4    | Entered Level 4 of the Orcish Mines
 27601 | Orc:4    | Found a staircase to the Elven Halls.
 27860 | Orc:4    | Found Zenuin's Food Shop.
 27981 | Orc:4    | Received a gift from Pakellas
 28032 | Orc:4    | Noticed an orc warlord
 28061 | Orc:4    | Killed an orc warlord
 28065 | Orc:4    | Reached XP level 16. HP: 86/103 MP: 4/28
 28183 | Orc:4    | Reached skill level 18 in Evocations
 28530 | Orc:4    | Found Edyi's Assorted Antiques.
 28558 | Orc:4    | Bought a pair of glowing gloves for 148 gold pieces
 28563 | Orc:4    | Bought a pair of runed gloves for 148 gold pieces
 28677 | Orc:4    | Found Cezoov's General Store.
 28678 | Orc:4    | Found Gozunan's Book Shoppe.
 28679 | Orc:4    | Found Wysmim's Antique Armour Emporium.
 28679 | Orc:4    | Found Qogeh's Antique Weapon Emporium.
 29084 | D:13     | Found a roughly hewn altar of Beogh.
 29554 | D:14     | Found a gate to the Vaults.
 29762 | D:14     | Received a gift from Pakellas
 29915 | D:14     | Found a sparkling altar of Nemelex Xobeh.
 30543 | D:14     | Identified a scroll of acquirement
 30821 | D:15     | Entered Level 15 of the Dungeon
 30911 | D:15     | Reached skill level 1 in Shields
 31271 | D:15     | Noticed Urug
 31282 | D:15     | Killed Urug
 31474 | D:15     | Found a staircase to the Depths.
 31794 | D:13     | Reached skill level 5 in Shields
 32198 | Spider:1 | Entered Level 1 of the Spider Nest
 32416 | Spider:1 | Reached XP level 17. HP: 102/108 MP: 30/30
 34047 | Spider:2 | Received a gift from Pakellas
 34103 | Spider:3 | Reached skill level 19 in Evocations
 34335 | Spider:3 | Noticed Agnes
 34341 | Spider:3 | Killed Agnes
 35131 | Spider:4 | Entered Level 4 of the Spider Nest
 35319 | Spider:4 | Found a frozen archway.
 35323 | IceCv    | Entered an ice cave
 35496 | IceCv    | Got a slimy dagger
 35497 | IceCv    | Identified the cursed +1 dagger "Orb Guardian's Peril" {freeze, *Noise +Rage rN+ Int+2} (You found it in an ice cave)
 35728 | IceCv    | Reached XP level 18. HP: 83/115 MP: 31/31
 35951 | IceCv    | Noticed an Ice Fiend
 35954 | IceCv    | Killed an Ice Fiend
 35989 | IceCv    | Learned a level 2 spell: Repel Missiles
 36818 | Spider:4 | Received a gift from Pakellas
 36938 | Spider:4 | Reached skill level 20 in Evocations
 37090 | Spider:4 | Reached skill level 15 in Dodging
 37390 | Spider:4 | Got a gossamer rune of Zot
 38197 | Shoals:1 | Entered Level 1 of the Shoals
 38382 | Shoals:1 | Reached skill level 1 in Air Magic
 38425 | Shoals:1 | Got a warped flail
 38426 | Shoals:1 | Identified the +10 flail "Warehoi" {flame, rF++ rC+ Stlth+} (You found it on level 1 of the Shoals)
 38619 | Shoals:1 | Reached skill level 1 in Charms
 38788 | Shoals:2 | Noticed Frances
 38799 | Shoals:2 | Killed Frances
 39043 | Shoals:2 | Found Ediniott's Weapon Boutique.
 39779 | Shoals:3 | Reached skill level 1 in Spellcasting
 39875 | Shoals:3 | Reached XP level 19. HP: 118/121 MP: 33/33
 40118 | Shoals:4 | Entered Level 4 of the Shoals
 40287 | Shoals:4 | Reached skill level 5 in Air Magic
 40462 | Shoals:4 | Got a barnacled rune of Zot
 40645 | Shoals:4 | Noticed Ilsuiw
 40650 | Shoals:4 | Killed Ilsuiw
 40810 | Shoals:4 | Reached skill level 10 in Throwing
 40825 | Shoals:4 | Got a slimy granite ring
 40843 | Shoals:4 | Identified the ring "Diemux" {Str+4 SInv} (You took it off a merfolk impaler on level 4 of the Shoals)
 40999 | Shoals:4 | Received a gift from Pakellas
 41953 | Elf:1    | Entered Level 1 of the Elven Halls
 42512 | Elf:1    | Identified Ts'ui Pên's Catalogue of Forking Paths (You found it on level 1 of the Elven Halls)
 42527 | Elf:1    | Identified the Grimoire of Sand (You found it on level 1 of the Elven Halls)
 42535 | Elf:1    | Identified the Incunabulum of Dhcmrlchtdj (You found it on level 1 of the Elven Halls)
 42585 | Elf:1    | Found Guicam's Weapon Shoppe.
 43677 | Elf:1    | Got an ancient pewter ring
 43678 | Elf:1    | Identified the ring "Fezuedakh" {MR+ Stlth+} (You took it off a deep elf priest on level 1 of the Elven Halls)
 43771 | Elf:2    | Found a runed gate.
 43771 | Elf:2    | Found a runed gate.
 43771 | Elf:2    | Found a runed gate.
 43888 | Elf:2    | Reached XP level 20. HP: 128/128 MP: 34/34
 43987 | Elf:2    | Reached skill level 21 in Evocations
 44088 | Elf:2    | Drew Focus: Dex increased to 21, Int decreased to 9
 44871 | Elf:3    | Entered Level 3 of the Elven Halls
 45037 | Elf:3    | Received a gift from Pakellas
 45154 | Elf:3    | Found Voduw's Jewellery Boutique.
 45170 | Elf:3    | Reached skill level 15 in Fighting
 45188 | Elf:3    | Bought a cursed ring of loudness for 58 gold pieces
 45393 | Elf:3    | Noticed Louise
 45418 | Elf:3    | Killed Louise
 46046 | Elf:3    | Noticed a Brimstone Fiend
 46222 | Elf:3    | Reached XP level 21. HP: 134/134 MP: 35/35
 46545 | Elf:3    | Reached skill level 22 in Evocations
 46780 | Elf:3    | Reached skill level 10 in Armour
 46824 | Elf:3    | Got a bloodstained scale mail
 46826 | Elf:3    | Identified the Guide on Lightness (You found it on level 3 of the Elven Halls)
 46862 | Elf:3    | Identified the +1 scale mail of the Fiend {*Contam Str+8} (You found it on level 3 of the Elven Halls)
 46880 | Elf:3    | Got a shimmering amber ring
 46881 | Elf:3    | Identified the ring "Litoa" {+Inv +Fly Int-4 Dex+5} (You found it on level 3 of the Elven Halls)
 47596 | Vaults:1 | Entered Level 1 of the Vaults
 48078 | Vaults:1 | Noticed Donald
 48101 | Vaults:1 | Killed Donald
 48276 | Vaults:1 | Received a gift from Pakellas
 48297 | Vaults:1 | Noticed a golden dragon
 48344 | Vaults:1 | Killed a golden dragon
 48551 | Vaults:1 | Reached XP level 22. HP: 122/142 MP: 37/37
 48733 | Vaults:1 | Identified Uwiw Sua's Incunabulum of Creation (You found it on level 1 of the Vaults)
 48765 | Vaults:1 | Identified the Disquisition on Changing and the Mountains (You found it on level 1 of the Vaults)
 48860 | Vaults:1 | Reached skill level 23 in Evocations
 50161 | Vaults:2 | Found a staircase to the Crypt.
 50161 | Vaults:2 | Found a basalt altar of Yredelemnul.
 50162 | Vaults:2 | Found an ancient bone altar of Kikubaaqudgha.
 50772 | Vaults:3 | Received a gift from Pakellas
 50893 | Vaults:3 | Got a polished greatsling
 50894 | Vaults:3 | Identified the cursed +1 greatsling of Fragile Peace {flame, rC+ Dex+2} (You found it on level 3 of the Vaults)
 51036 | Vaults:3 | Reached skill level 24 in Evocations
 51481 | Vaults:3 | Found Zoulozum's Distillery.
 51517 | Vaults:3 | Reached XP level 23. HP: 149/149 MP: 39/39
 53080 | Vaults:4 | Received a gift from Pakellas
 53395 | Depths:1 | Entered Level 1 of the Depths
 53566 | D:15     | Reached skill level 25 in Evocations
 53729 | D:15     | Upgraded the game from 0.18-a0-271-ga7ff5cb to 0.18-a0-296-g767dbb0
 53907 | Depths:1 | Found a gateway to Hell.
 54377 | Depths:2 | Got a slimy sapphire amulet
 54378 | Depths:2 | Identified the amulet of Agezyesh {rCorr Int+3 Slay+3} (You found it on level 2 of the Depths)
 54432 | Depths:2 | Found a one-way gate leading to the halls of Pandemonium.
 54658 | Depths:2 | Reached XP level 24. HP: 97/157 MP: 39/39
 54773 | Depths:2 | Found a gateway to a ziggurat.
 55299 | Depths:3 | Got a heavily runed buckler
 55310 | Depths:3 | Identified the +1 buckler of Shielding {rPois Dex+2} (You acquired it on level 3 of the Depths)
 55316 | Depths:3 | Identified a +2 rod of clouds (14/14) (Pakellas gifted it to you on level 4 of the Vaults)
 55411 | Depths:3 | Noticed Sojobo
 55418 | Depths:3 | Killed Sojobo
 55435 | Depths:3 | Paralysed by a giant eyeball for 4 turns
 55460 | Depths:3 | Got a transparent lead ring
 55461 | Depths:3 | Identified the ring of Winter {Ice *Contam rElec Str+7 Int+2} (You took it off a tengu reaver on level 3 of the Depths)
 55506 | Depths:3 | Got a warped glass ring
 55507 | Depths:3 | Identified the cursed ring of Guugad {+Fly rF+ MP+9 Int-3} (You took it off a skeletal warrior on level 3 of the Depths)
 55571 | Depths:3 | Paralysed by a giant eyeball for 3 turns
 55617 | Depths:3 | Reached skill level 26 in Evocations
 55620 | Depths:3 | Received a gift from Pakellas
 55639 | Depths:3 | Found a one-way gate to the infinite horrors of the Abyss.
 55847 | Depths:3 | Got a wavering glass ring
 55848 | Depths:3 | Identified the ring "Acikliph" {*Drain rElec MP+9 Str+9 Int-2} (You took it off a deep elf priest on level 3 of the Depths)
 55922 | Depths:3 | Gained mutation: You are clumsy. (Dex -2) [mutagenic glow]
 56294 | Depths:3 | Reached XP level 25. HP: 164/164 MP: 40/40
 56313 | Depths:3 | Paralysed by a giant eyeball for 2 turns
 56365 | Depths:3 | Found Cianod's Distillery.
 56991 | Depths:4 | Reached skill level 27 in Evocations
 57459 | Depths:4 | Noticed a juggernaut
 57476 | Depths:4 | Killed a juggernaut
 57642 | Depths:4 | Noticed a juggernaut
 57652 | Depths:4 | Killed a juggernaut
 57827 | Depths:4 | Noticed a juggernaut
 57857 | Depths:4 | Killed a juggernaut
 57898 | Depths:4 | Received a gift from Pakellas
 57910 | Depths:4 | Reached XP level 26. HP: 160/174 MP: 40/40
 58548 | Depths:4 | Noticed Mennas
 58554 | Depths:4 | Killed Mennas
 58612 | Depths:4 | Found Usexori's Gadget Shoppe.
 58612 | Depths:4 | Found Luempise's Food Shop.
 58612 | Depths:4 | Found Tat Ahor's General Store.
 58612 | Depths:4 | Found Faocineu's Jewellery Shoppe.
 58622 | Depths:4 | Bought a +8 rod of inaccuracy (13/13) for 1561 gold pieces
 58630 | Depths:4 | Bought the ring "Rucadawaida" {rPois rN+ SInv} for 425 gold pieces
 58668 | Depths:5 | Entered Level 5 of the Depths
 59629 | Depths:5 | Found a sparkling altar of Nemelex Xobeh.
 59966 | Depths:5 | Reached XP level 27. HP: 181/181 MP: 40/40
 59984 | Depths:5 | Found a gate to the Realm of Zot.
 60097 | Depths:5 | Reached skill level 15 in Maces & Flails
 60577 | Crypt:1  | Entered Level 1 of the Crypt
 60623 | Crypt:1  | Received a gift from Pakellas
 62312 | Crypt:3  | Entered Level 3 of the Crypt
 62912 | Crypt:3  | Noticed an ancient lich
 63300 | Crypt:3  | Got a sparkling silver ring
 63314 | Crypt:3  | Identified the ring "Putted" {rF+ rC+ rN+ MR- Int+3} (You took it off a skeletal warrior on level 3 of the Crypt)
 63317 | Crypt:3  | Got a scintillating ivory ring
 63318 | Crypt:3  | Identified the ring "Yneqonn" {rN+ Str+4} (You found it on level 3 of the Crypt)
 63322 | Crypt:3  | Got a scintillating jade ring
 63323 | Crypt:3  | Identified the ring of the Doge {rN+ Slay+2} (You found it on level 3 of the Crypt)
 63473 | Crypt:3  | Noticed Jory
 63480 | Crypt:3  | Killed Jory
 63523 | Crypt:3  | Found a staircase to the Tomb.
 63827 | Crypt:3  | Killed an ancient lich
 63858 | Crypt:3  | Found an ancient bone altar of Kikubaaqudgha.
 63865 | Crypt:3  | Noticed an ancient lich
 63871 | Crypt:3  | Killed an ancient lich
 63891 | Crypt:3  | Noticed an ancient lich
 63905 | Crypt:3  | Killed an ancient lich
 64932 | Slime:1  | Entered Level 1 of the Pits of Slime
 64948 | Slime:1  | Received a gift from Pakellas
 65653 | Slime:3  | Gained mutation: You tend to lose your temper in combat. [a shining eye]
 67317 | Slime:6  | Entered Level 6 of the Pits of Slime
 67564 | Slime:6  | Received a gift from Pakellas
 67829 | Slime:6  | Noticed the royal jelly
 67887 | Slime:6  | Found a viscous altar of Jiyva.
 68012 | Slime:6  | Killed the royal jelly
 68161 | Slime:6  | Got a slimy rune of Zot
 68208 | Slime:6  | Got a brightly glowing garnet amulet
 68209 | Slime:6  | Identified the amulet of Truth {Stasis rC+} (You found it on level 6 of the Pits of Slime)
 68219 | Slime:6  | Identified Anlumeil's Almanac of Congealing Protection (You found it on level 6 of the Pits of Slime)
 68241 | Slime:6  | Hired Xiokk the naga for 130 gold.
 68289 | Slime:6  | Got a slimy rapier
 68290 | Slime:6  | Identified the +1 rapier of Boid {vamp, rPois} (You found it on level 6 of the Pits of Slime)
 68800 | Elf:2    | Hired Zuamaczu the deep elf conjurer for 631 gold.
 68803 | Elf:2    | Lost mutation: Your flesh is heat resistant. [helix card]
 68803 | Elf:2    | Gained mutation: Your mind is acute. (Int +2) [helix card]
 69796 | Vaults:5 | Entered Level 5 of the Vaults
 69802 | Vaults:5 | Noticed Margery
 69990 | Vaults:4 | Your ally Zuamaczu died
 70128 | Vaults:5 | Killed Margery
 70567 | Vaults:5 | Got a silver rune of Zot
 70620 | Vaults:5 | Got a slimy ring mail
 70746 | Vaults:5 | Received a gift from Pakellas
 70846 | Vaults:5 | Got an ebony rapier {elec}
 70847 | Vaults:5 | Identified the +11 rapier of Mastery {elec, Str+2} (You took it off a deep elf death mage on level 5 of the Vaults)
 71206 | Vaults:4 | Identified the +5 ring mail of Protective Custody {-Cast rF+++ Regen+ SInv} (You found it on level 5 of the Vaults)
 71924 | Vaults:5 | Noticed an ancient lich
 71933 | Vaults:5 | Killed an ancient lich
 72063 | Vaults:5 | Identified Odustrievoi's Papyrus of Evil (You found it on level 5 of the Vaults)
 72277 | Vaults:5 | Got a slimy iron amulet
 72283 | Vaults:5 | Identified the amulet "Nazxoesm" {+Rage rN++ Int+3 Dex-4} (You took it off a yaktaur captain on level 5 of the Vaults)
 72771 | Lair:1   | Upgraded the game from 0.18-a0-296-g767dbb0 to 0.18-a0-340-gdd6c97d
 72771 | Lair:1   | Upgraded the game from 0.18-a0-340-gdd6c97d to 0.18-a0-347-g3e42dbe
 74118 | Zot:1    | Entered Level 1 of the Realm of Zot
 75176 | Zot:2    | Noticed an orb of fire
 75215 | Zot:2    | Killed an orb of fire
 75791 | Zot:2    | Received a gift from Pakellas
 76154 | Zot:3    | Got a coiled brass ring
 76155 | Zot:3    | Identified the ring of Obsession {Ice MR+} (You found it on level 3 of the Realm of Zot)
 76250 | Zot:3    | Learned a level 6 spell: Deflect Missiles
 76288 | Zot:3    | Gained mutation: You are resistant to hostile enchantments. [potion of beneficial mutation]
 76597 | Zot:3    | XOM: swap monsters
 78735 | Orc:4    | Bought an encrusted scale mail for 261 gold pieces
 78735 | Orc:4    | Identified the +5 scale mail of the Barracuda {MR- Int+5 Dex+4} (You bought it in a shop on level 4 of the Orcish Mines)
 79278 | Hell     | Entered the Vestibule of Hell
 79278 | Hell     | Noticed Geryon
 79475 | Hell     | Killed Geryon
 80059 | Hell     | Found a gateway to the Iron City of Dis.
 80119 | Hell     | Found a gateway to the decaying netherworld of Tartarus.
 80238 | Hell     | Found a gateway to the freezing wastes of Cocytus.
 80365 | Hell     | Found a gateway to the ashen valley of Gehenna.
 80498 | Dis:1    | Entered Level 1 of the Iron City of Dis
 80515 | Dis:1    | Received a gift from Pakellas
 80577 | Dis:1    | Reached skill level 15 in Armour
 82115 | Dis:5    | Gained mutation: Your body sometimes deteriorates upon taking damage. [a cacodemon]
 82486 | Dis:6    | Received a gift from Pakellas
 82695 | Dis:7    | Entered Level 7 of the Iron City of Dis
 82908 | Dis:7    | Reached skill level 27 in Fighting
 82908 | Dis:7    | Reached skill level 1 in Unarmed Combat
 84680 | Dis:7    | Noticed Dispater
 84902 | Dis:7    | Got a polished flail {crush}
 84903 | Dis:7    | Identified the +3 flail of Summer {crush, Str+4} (You took it off an iron imp on level 7 of the Iron City of Dis)
 84919 | Dis:7    | Got a glittering silver ring
 84920 | Dis:7    | Identified the ring of Salvation {Fire MR+ MP+9 Str-4} (You took it off an iron imp on level 7 of the Iron City of Dis)
 84943 | Dis:7    | Gained mutation: You have hoof-like feet. [a cacodemon]
 84992 | Dis:7    | Got an ancient brass ring
 84993 | Dis:7    | Identified the ring of Day {Wiz rPois MR- Int+3 Dex+3} (You found it on level 7 of the Iron City of Dis)
 85529 | Dis:7    | Reached skill level 27 in Maces & Flails
 85595 | Dis:7    | Lost mutation: Your mind is acute. (Int +2) [mutagenic glow]
 85596 | Dis:7    | Killed Dispater
 85715 | Depths:2 | Gained mutation: You can translocate small distances at will. [helix card]
 85733 | Pan      | Entered Pandemonium
 85758 | Pan      | Received a gift from Pakellas
 86549 | Pan      | Gained mutation: You often lose your temper in combat. [a cacodemon]
 86557 | Pan      | Noticed Nuguar the pandemonium lord
 86598 | Pan      | Killed Nuguar the pandemonium lord
 86598 | Pan      | Reached skill level 5 in Charms
 86992 | Pan      | Found an exit through the horrors of the Abyss.
 87061 | Pan      | Took an exit into the Abyss.
 87061 | Abyss:1  | Escaped into the Abyss
 87257 | Depths:2 | Escaped the Abyss
 87675 | Spider:4 | Lost mutation: Your body sometimes deteriorates upon taking damage. [potion of cure mutation]
 87675 | Spider:4 | Lost mutation: You are resistant to hostile enchantments. [potion of cure mutation]
 87675 | Spider:4 | Lost mutation: You can breathe flames. [potion of cure mutation]
 87675 | Spider:4 | Lost mutation: You have hoof-like feet. [potion of cure mutation]
 87675 | Spider:4 | Lost mutation: You often lose your temper in combat. [potion of cure mutation]
 87893 | D:7      | Bought a potion of cure mutation for 385 gold pieces
 87893 | D:7      | Lost mutation: You tend to lose your temper in combat. [potion of cure mutation]
 87893 | D:7      | Lost mutation: You have large cloven feet. [potion of cure mutation]
 87893 | D:7      | Lost mutation: You can translocate small distances at will. [potion of cure mutation]
 87893 | D:7      | Lost mutation: You are clumsy. (Dex -2) [potion of cure mutation]
 88216 | Depths:3 | Voluntarily entered the Abyss.
 88605 | Abyss:1  | Reached skill level 5 in Spellcasting
 89027 | Abyss:1  | Found a corrupted altar of Lugonu.
 89406 | Abyss:3  | Reached skill level 5 in Stealth
 90046 | Abyss:4  | Reached skill level 10 in Stealth
 90054 | Abyss:4  | Received a gift from Pakellas
 90344 | Abyss:4  | Got an abyssal rune of Zot
 90472 | Depths:3 | Escaped the Abyss
 90509 | Pan      | Entered Pandemonium
 90585 | Pan      | Noticed Ankec the pandemonium lord
 90610 | Pan      | Killed Ankec the pandemonium lord
 90919 | Pan      | Found an exit through the horrors of the Abyss.
 91384 | Pan      | Found an exit through the horrors of the Abyss.
 91571 | Pan      | Noticed Udebuc the pandemonium lord
 91573 | Pan      | Paralysed by Udebuc for 5 turns
 91592 | Pan      | Killed Udebuc the pandemonium lord
 92563 | Pan      | Gained mutation: You are clumsy. (Dex -2) [a neqoxec]
 92672 | Pan      | Reached skill level 10 in Air Magic
 93060 | Pan      | Got a demonic rune of Zot
 93100 | Pan      | Found an exit through the horrors of the Abyss.
 93104 | Pan      | Noticed Pyceots the pandemonium lord
 93124 | Pan      | Killed Pyceots the pandemonium lord
 93893 | Pan      | Received a gift from Pakellas
 94226 | Pan      | Noticed Jies the pandemonium lord
 94240 | Pan      | Killed Jies the pandemonium lord
 94456 | Pan      | Entered the realm of Cerebov.
 94848 | Pan      | Reached skill level 10 in Charms
 94879 | Pan      | Found an exit through the horrors of the Abyss.
 95074 | Pan      | Reached skill level 10 in Spellcasting
 95194 | Pan      | Noticed Cerebov
 95966 | Pan      | Got a fiery rune of Zot
 96566 | Pan      | Killed Cerebov
 96594 | Pan      | Gained mutation: You are very clumsy. (Dex -4) [mutagenic glow]
 96651 | Pan      | Gained mutation: You are occasionally teleported next to monsters. [mutagenic glow]
 96889 | Pan      | Received a gift from Pakellas
 97603 | Pan      | Noticed Welofeips the pandemonium lord
 97712 | Pan      | Noticed Weacuok the pandemonium lord
 97956 | Pan      | Found an exit through the horrors of the Abyss.
 97961 | Pan      | Entered the realm of Lom Lobon.
 98073 | Pan      | Found an exit through the horrors of the Abyss.
 98474 | Pan      | Noticed Lom Lobon
 98932 | Pan      | Killed Lom Lobon
 99101 | Pan      | Got a magical rune of Zot
 99302 | Pan      | Noticed Saseing the pandemonium lord
 99786 | Pan      | Found an exit through the horrors of the Abyss.
100158 | Pan      | Entered the realm of Gloorx Vloq.
100295 | Pan      | Found an exit through the horrors of the Abyss.
100794 | Pan      | Received a gift from Pakellas
101468 | Pan      | Noticed Gloorx Vloq
101487 | Pan      | Killed Gloorx Vloq
101543 | Pan      | Got a dark rune of Zot
101686 | Pan      | Noticed Ovon the pandemonium lord
101717 | Pan      | Killed Ovon the pandemonium lord
101892 | Pan      | Noticed Saug the pandemonium lord
101902 | Pan      | Killed Saug the pandemonium lord
101922 | Pan      | Entered the realm of Mnoleg.
101928 | Pan      | Reached skill level 27 in Dodging
102080 | Pan      | Got an ancient plate armour
102091 | Pan      | Identified the +9 plate armour of Ashenzari's Vengeance {-Cast rPois rCorr Str+6} (You acquired it in Pandemonium)
102362 | Pan      | Gained mutation: You can translocate small distances at will. [potion of beneficial mutation]
102370 | Pan      | Found an exit through the horrors of the Abyss.
102959 | Pan      | Noticed Mnoleg
102965 | Pan      | Killed Mnoleg
103344 | Pan      | Got a glowing rune of Zot
103392 | Pan      | Took an exit into the Abyss.
103392 | Abyss:1  | Escaped into the Abyss
103392 | Abyss:1  | Found a corrupted altar of Lugonu.
103417 | Depths:3 | Escaped the Abyss
103418 | Depths:3 | Upgraded the game from 0.18-a0-347-g3e42dbe to 0.18-a0-550-gc98bfff
104211 | Zot:3    | Received a gift from Pakellas
104266 | Zot:5    | Entered Level 5 of the Realm of Zot
104942 | Zot:5    | Noticed an ancient lich
104949 | Zot:5    | Killed an ancient lich
104953 | Zot:5    | Noticed an orb of fire
104967 | Zot:5    | Noticed an orb of fire
104967 | Zot:5    | Noticed an orb of fire
105599 | D:7      | Bought a potion of cure mutation for 385 gold pieces
105603 | D:7      | Lost mutation: You are occasionally teleported next to monsters. [potion of cure mutation]
105603 | D:7      | Lost mutation: You are very clumsy. (Dex -4) [potion of cure mutation]
106156 | Zot:5    | Killed an orb of fire
106200 | Zot:5    | Killed an orb of fire
106202 | Zot:5    | Noticed an orb of fire
106203 | Zot:5    | Gained mutation: Scrolls take you a little longer to read. [an orb of fire]
106204 | Zot:5    | Killed an orb of fire
106205 | Zot:5    | Killed an orb of fire
106773 | Zot:5    | Noticed an ancient lich
106781 | Zot:5    | Killed an ancient lich
107202 | Zot:5    | Got the Orb of Zot
107571 | D:14     | Noticed Zesefoz the pandemonium lord
107992 | D:$      | Escaped with the Orb!

Vault maps used:
D:1:      lemuel_arrival_river_ford
D:2:      grunt_temple_overflow_open, kennysheep_okawaru_gauntlet
D:3:      lightli_temple_of_fire, nicolae_overflow_hidden_temple,
          minmay_bisected
D:4:      old_standard_altar, fedhas_altar_2, lemuel_doored_altar,
          minmay_temple_entry_large_hall, minmay_cut_off
D:5:      lemuel_upstairs_altar, serial_shops, nicolae_shop_behind_doors,
          first_bread, xom_confusion_cloud, uniq_crazy_yiuf_cottage,
          uniq_menkaure
D:6:      old_standard_altar
D:7:      kennysheep_mini_moat, serial_shops, shop, grunt_livestock,
          serial_bayou_crossing
D:8:      nicolae_overflow_crystal_walls, kiku_gazebo_pond_becter,
          nicolae_tso_besieged_by_evil, minmay_lair_entry_grove,
          kennysheep_generic_room_11
D:9:      roderic_lattice_a, sword_in_stone
D:11:     serial_shops, nicolae_shop_statue_plus, nicolae_shop_trees,
          shop_statue, shop_fountains, shop, uniq_erica
D:12:     minmay_outward_triangles, david_orc_3, uniq_erolcha
D:13:     special_room
D:14:     grunt_vaults_entry_tiered, basic_altar
D:15:     gammafunk_depths_entry_grave, minmay_misc_feat_secret_circle,
          uniq_urug
Temple:   circular_temple_6
Lair:1:   serial_bayou_shore_b, uniq_harold
Lair:2:   minmay_stone_trees_medium, lemuel_fruit_fields
Lair:3:   wad_woods_04
Lair:4:   elwin_shoals_entry_rocks, nicolae_spider_entry_non_spiders,
          nicolae_quartered_pool_super, serial_bayou_lagoon_b
Lair:5:   lemuel_slime, grunt_megastairs_4, serial_bayou_shore_b
Lair:6:   slime_altar_2, basic_altar, beast_lair_carwin_9, lemuel_fruit_fields
Lair:7:   infiniplex_staircase_pool_2, uniq_maud
Lair:8:   hangedman_lair_caniforms_friends, guppyfry_lair_end_dragon,
          uniq_rupert
Shoals:2: serial_shops, shop, uniq_frances
Shoals:4: shoals_end_grunt_ice, shoals_ilsuiw_ice
Spider:3: uniq_agnes
Spider:4: grunt_spider_rune_circles, portal_ice_cave_entry_pillars_03,
          spiders_nest_wasp_nest
Orc:1:    mines3_lemuel
Orc:2:    statue_in_the_mist_lemuel
Orc:3:    basic_altar, serial_shops, nicolae_orc_pool_cavern
Orc:4:    st_orc_congregation, serial_shops,
          nicolae_shop_competitors_out_of_business, guppyfry_orc_lava_fort
Elf:1:    serial_shops, shop_fountains, evilmike_minifort, amethyst_killhole,
          hex_large, bh_hangedman_babel_library
Elf:3:    elf_hall, serial_sigils, serial_sigils_hangedman_gut,
          serial_sigils_hangedman_shear, serial_sigils_hangedman_snap,
          serial_sigils_hangedman_snap, serial_sigils_hangedman_gut,
          serial_shops, nicolae_shop_trees, st_stairs_7, grunt_ministairs_12,
          uniq_louise
Vaults:1: vaults_mumra_lcd, st_greater_box_2, dpeg_vaults_monster_box,
          hangedman_vaults_stagger, ontoclasm_vaults_fault,
          nicolae_vaults_little_squares_6, hangedman_vaults_variations,
          vaults_dpeg_doors, grunt_vaults_swirl, nicolae_vaults_ninety_degrees,
          vaults_mumra_hexcomb, serial_shops, shop, uniq_donald
Vaults:2: minmay_crypt_entry_necro_gods, hangedman_vaults_cutoff, v_misc_1,
          vaults_mumra_minichess, nicolae_vaults_big_ls,
          grunt_vaults_hallway_short, nicolae_vaults_ring_of_whatevers,
          vaults_mumra_minichess_inversion, vaults_room_door_ring
Vaults:3: vaults_room_grunt_arrival_ludios, v_rooms_1, vaults_dpeg_hooks,
          nicolae_vaults_diagonal_hallway_6, v_misc_8, nicolae_vaults_theta,
          hangedman_vaults_river_flow, vaults_room_ringed_pool,
          nicolae_vaults_fighting_squares, nicolae_vaults_rhombus_6,
          serial_shops, shop
Vaults:4: ontoclasm_vaults_spin, nicolae_vaults_lopsided_apartments,
          nicolae_vaults_border_crossing, vaults_mumra_chevron,
          grunt_vaults_trifunnel, nicolae_vaults_alarming,
          ontoclasm_vaults_loading_screen, grunt_vaults_funnel,
          hangedman_vaults_slice, ontoclasm_vaults_idyll,
          ontoclasm_vaults_ligature, vaults_room_large_hall,
          nicolae_vaults_theta, v_misc_15
Vaults:5: uniq_margery
Crypt:1:  minmay_misc_feat_five, grunt_megastairs_2
Crypt:3:  quadcrypt_mu, uniq_jory
Depths:1: hell_entry, hangedman_abyss_or_decor_passed, st_stairs_1,
          hangedman_elemental_death_ray
Depths:2: kennysheep_ogre_elephant_herders, enter_ziggurat_f,
          serial_sigils_hangedman_gut, grunt_pan_entry_sceptre,
          pf_hell_entry_great_geh, minmay_staircase_windowed_large
Depths:3: hangedman_spin_cycle, hell_entry, abyss_entry, pan_entry
Depths:4: hangedman_box_tower, hell_entry, minmay_room_of_horrors,
          minmay_misc_feat_rows, minmay_staircase_windowed_small, uniq_mennas
Depths:5: lemuel_castle_with_subvaults, hangedman_coc_ice_floe,
          nemelex_xobeh_ov_fountains_minmay, abyss_entry_crystal
Dis:3:    hangedman_player_shredder
Dis:7:    iron_city_of_dis
Zot:3:    guppyfry_library_mini
Zot:4:    grunt_ministairs_1, nicolae_lava_and_water
Abyss:1:  bh_abyss_exit_grid
Abyss:2:  evilmike_abyss_exit_15
Abyss:3:  evilmike_abyss_rune_shrine
Abyss:4:  lemuel_flamethrower_3, abyss_rune_water_cross
Pan:      evilmike_mini_pan_rooms, reaverb_pan_chaos_star,
          nicolae_pan_sigil_itan, nicolae_pan_mnolegish_2, grunt_pan_zigzag,
          lemuel_hall_of_pain, evilmike_mini_pan_diamond, lemuel_hellion_island,
          pan_blood_fountain_2, evilmike_mini_pan_pillars_b,
          pan_blood_fountain_2, nicolae_pan_giant_door, pan_blood_fountain,
          rand_demon_1, cerebov, grunt_pan_frozen_over,
          nicolae_pan_gloorx_vloqian_3, nicolae_pan_sigil_eeng,
          nicolae_pan_hourglass, evilmike_mini_pan_pillars_b, rand_demon_6,
          pan_blood_fountain, pan_blood_fountain_small,
          nicolae_pan_strange_glyphs, nicolae_pan_lom_lobonic_1,
          pan_captured_pigsty, lom_lobon, nicolae_pan_cerebovesque_4,
          evilmike_mini_pan_3x3, evilmike_mini_pan_layers,
          nicolae_pan_double_arrow, pan_blood_fountain,
          evilmike_mini_pan_diamond, pan_blood_fountain, gloorx_vloq,
          grunt_pan_zigzag, nicolae_pan_hourglass, pan_blood_fountain, mnoleg_st
IceCv:    ice_cave_caverns_02

Action                   |  1- 3 |  4- 6 |  7- 9 | 10-12 | 13-15 | 16-18 | 19-21 | 22-24 | 25-27 || total
-------------------------+-------+-------+-------+-------+-------+-------+-------+-------+-------++-------
Melee: Dagger            |   100 |   209 |       |       |       |       |       |       |       ||   309
       Short sword       |     5 |     1 |       |       |       |       |       |       |       ||     6
       Mace              |       |     7 |   374 |  1064 |  1529 |       |       |       |       ||  2974
       Flail             |       |       |       |       |    53 |   156 |  1091 |  1378 |  7423 || 10101
       Rod               |       |       |       |       |    10 |     4 |     9 |     2 |    30 ||    55
       Morningstar       |       |       |       |       |   580 |  1430 |       |       |       ||  2010
       Demon whip        |       |       |       |       |       |       |       |       |  1113 ||  1113
       Staff             |       |       |       |       |       |       |       |       |    13 ||    13
Throw: Stone             |    46 |    20 |    86 |    33 |    17 |     9 |       |       |       ||   211
       Throwing net      |       |       |       |       |       |     5 |     2 |       |    13 ||    20
 Cast: Repel Missiles    |       |       |       |       |       |     1 |     8 |     6 |    32 ||    47
       Deflect Missiles  |       |       |       |       |       |       |       |       |     5 ||     5
Invok: Device Surge      |       |       |     2 |     1 |       |     4 |       |     4 |    37 ||    48
       Quick Charge      |       |       |       |       |     4 |     7 |     1 |     1 |    20 ||    33
       Supercharge       |       |       |       |       |     1 |       |       |       |       ||     1
       No ability        |       |       |       |       |       |     2 |       |     2 |     5 ||     9
       No ability        |       |       |       |       |       |       |       |       |    11 ||    11
 Abil: Breathe Fire      |       |       |     2 |       |       |       |       |       |       ||     2
       Evoke Flight      |       |       |       |       |       |       |     1 |       |     3 ||     4
       Blink             |       |       |       |       |       |       |       |       |     1 ||     1
       Stop Flying       |       |       |       |       |       |       |       |       |     1 ||     1
Evoke: Wand              |     1 |    17 |     8 |    27 |    45 |    59 |     9 |     8 |    66 ||   240
       Rod               |       |       |       |       |   111 |   186 |   138 |    98 |   835 ||  1368
       Fan of gales      |       |       |       |       |     1 |       |     1 |     1 |     3 ||     6
       Sack of spiders   |       |       |       |       |       |       |     3 |       |    10 ||    13
       Box of beasts     |       |       |       |       |       |       |     2 |       |     5 ||     7
       Stone of tremors  |       |       |       |       |       |       |     3 |     3 |     6 ||    12
       Deck              |       |       |       |       |       |       |     1 |       |    14 ||    15
       Lamp of fire      |       |       |       |       |       |       |     3 |     5 |     6 ||    14
       Phial of floods   |       |       |       |       |       |       |     2 |     5 |    11 ||    18
       Disc of storms    |       |       |       |       |       |       |       |    51 |    66 ||   117
       Staff of Dispater |       |       |       |       |       |       |       |       |   104 ||   104
       Horn of Geryon    |       |       |       |       |       |       |       |       |     1 ||     1
       Phantom mirror    |       |       |       |       |       |       |       |       |     1 ||     1
       Piece from Xom's  |       |       |       |       |       |       |       |       |     1 ||     1
  Use: Scroll            |       |     9 |     3 |    10 |    17 |    11 |    13 |     9 |    70 ||   142
       Potion            |       |     2 |     1 |     3 |     4 |     3 |     1 |     3 |    29 ||    46
 Stab: Sleeping          |     1 |     6 |     2 |     1 |       |       |     6 |     6 |    17 ||    39
       Distracted        |       |       |       |     2 |     1 |       |     2 |     8 |    58 ||    71
       Paralysed         |       |       |       |       |     8 |    41 |     3 |       |       ||    52
       Betrayed ally     |       |       |       |       |       |     1 |       |       |       ||     1
       Held in net/web   |       |       |       |       |       |       |     1 |       |     3 ||     4
       Confused          |       |       |       |       |       |       |       |       |     5 ||     5
       Invisible         |       |       |       |       |       |       |       |       |     2 ||     2
  Eat: Chunk             |    10 |    11 |    16 |    44 |    80 |    66 |    47 |    53 |   230 ||   557
       Pizza             |       |       |     1 |       |       |     2 |       |       |     2 ||     5
       Meat ration       |       |       |       |       |       |     1 |       |       |    16 ||    17
       Beef jerky        |       |       |       |       |       |     1 |       |       |     2 ||     3
       Royal jelly       |       |       |       |       |       |       |       |       |     3 ||     3
